 Dungeon Crawl Stone Soup version 0.26-a0-21-gf97e55dc39 (webtiles) character file.

Game seed: 12754911264125802388, levelgen mode: deterministic

576 Esekla the Slasher (level 7, -7/46 HPs)
             Began as an Octopode Warper on May 26, 2020.
             Mangled by an orc warrior
             ... wielding a +0 great sword
              (12 damage)
             ... on level 4 of the Dungeon.
             The game lasted 00:23:29 (4891 turns).

Esekla the Slasher (Octopode Warper)                Turns: 4891, Time: 00:23:30

Health: -7/46      AC:  1    Str: 10    XL:     7   Next: 35%
Magic:  0/10       EV: 14    Int: 16    God:
Gold:   219        SH:  4    Dex: 13    Spells: 7/11 levels left

rFire    . . .     SeeInvis +   (no weapon)
rCold    . . .     Gourm    .   v - +0 buckler
rNeg     + . .     Faith    .   (helmet restricted)
rPois    .         Spirit   +   u - amulet of guardian spirit
rElec    .         Reflect  .   b - ring of see invisible
rCorr    .         Harm     .   y - ring of positive energy
MR       .....                  (no ring)
Stlth    +++.......             (no ring)
HPRegen  0.15/turn              (no ring)
MPRegen  0.12/turn              (no ring)
                                (no ring)
                                (no ring)

@: very slightly contaminated
A: almost no armour, stealthy swim, amphibious, 8 rings, constrict 8, camouflage
1, gelatinous body 1
a: no special abilities


You were on level 4 of the Dungeon.
You were hungry.

You visited 1 branch of the dungeon, and saw 5 of its levels.
You also visited: Sewer.

You collected 219 gold pieces.

Inventory:

Hand Weapons
 C - a +2 dagger of draining
 D - a +0 long sword
Missiles
 d - 5 boomerangs of dispersal
 q - 26 poisoned darts
 w - 14 boomerangs (quivered)
Armour
 v - a +0 buckler (worn)
Jewellery
 b - a ring of see invisible (left tentacle)
 u - an amulet of guardian spirit (around mantle)
 y - a ring of positive energy (right tentacle)
Scrolls
 c - 2 scrolls of blinking
 e - a scroll of fog {unknown}
 g - a scroll of identify
 h - 2 scrolls of amnesia {unknown}
 k - a scroll of immolation {unknown}
 l - 2 scrolls of magic mapping
 m - 5 scrolls of remove curse
 n - 2 scrolls of enchant weapon {unknown}
 o - 4 scrolls of teleportation
Potions
 i - 2 potions of might {unknown}
 j - 2 potions of haste {unknown}
 p - a potion of cancellation {unknown}
 r - a potion of degeneration {unknown}
 s - 4 potions of flight
 t - a potion of stabbing {unknown}
 x - a potion of magic {unknown}
 z - 4 potions of heal wounds
 A - 2 potions of curing {unknown}
 B - a potion of ambrosia {unknown}
Comestibles
 f - 8 rations


   Skills:
 + Level 3.2 Fighting
 * Level 4.8 Long Blades
 - Level 1.0 Throwing
 * Level 3.6 Dodging
 + Level 2.9 Stealth
 * Level 1.6 Shields
 + Level 2.6 Spellcasting
 * Level 1.7 Charms
 * Level 3.7 Translocations


You had 7 spell levels left.
You knew the following spells:

 Your Spells              Type           Power        Failure   Level  Hunger
a - Shroud of Golubria    Chrm/Tloc      ##....       12%         2    ##.....
b - Blink                 Tloc           N/A          9%          2    ##.....

Your spell library contained the following spells:

 Spells                   Type           Power        Failure   Level  Hunger
 Gell's Gravitas          Tloc           ##........   16%         3    ###....
 Lesser Beckoning         Tloc           ##........   16%         3    ###....
 Teleport Other           Tloc           ##......     16%         3    ###....
 Summon Butterflies       Summ           #.......     26%         1    #......
 Passage of Golubria      Tloc           N/A          47%         4    #####..
 Call Canine Familiar     Summ           #.......     61%         3    ###....
 Summon Ice Beast         Ice/Summ       #.......     95%         4    #####..
 Summon Mana Viper        Hex/Summ       #.......     100%        5    ######.
 Summon Hydra             Summ           #.........   100%        7    #######


Dungeon Overview and Level Annotations

Branches:
Dungeon (5/15)              Sewer (visited)
 Temple: D:4-7

Altars:
Cheibriados
Fedhas
Hepliaklqana
Okawaru

Annotations:
D:5 Blork the orc, Eustachio


Innate Abilities, Weirdness & Mutations

You cannot wear most types of armour.
You are very stealthy in the water. (Stealth+)
You are amphibious.
You can wear up to eight rings at the same time.
You can use your tentacles to constrict eight enemies at once.
Your skin changes colour to match your surroundings (Stealth+).
Your rubbery body absorbs attacks. (AC +1, EV +1)


Message History

Eustachio gestures wildly while chanting.
Eustachio blinks!
There is a stone staircase leading up here.
The ogre hits you with a +0 giant club!!
Ouch! That really hurt!
The orc warrior barely misses you.
You climb upwards.
There is a stone staircase leading down here.
Casting: Shroud of Golubria (safe; 12% risk of failure)
Confirm with . or Enter, or press ? or * to list all spells.
You miscast Blink.
You are very lightly contaminated with residual magic.
Nothing appears to happen.
The ogre hits you with a +0 giant club!!
* * * LOW HITPOINT WARNING * * *
Casting: Blink (safe; 9% risk of failure)
Confirm with . or Enter, or press ? or * to list all spells.
You don't have enough magic to cast that spell.
The orc warrior hits you with a +0 great sword!
You die...

#.....## ###
#.....# ..########
#....##
.........###....##
.................#
....###..........#
..### ###........#
.## ##.......# .#
##.....@## .#
#.....Oo# ##
##......# #
#....>.# #
##...### # ##### #
# #


You could see an orc warrior and an ogre.

Vanquished Creatures
  Sigmund (D:4)
  A big kobold (Sewer)
  A wight (D:5)
  A hound (D:4)
  2 iguanas (D:4)
  3 worker ants
  A hound skeleton (D:4)
  4 adders
  A river rat (Sewer)
  An ooze (D:4)
  2 worms (D:2)
  A dart slug (D:1)
  2 leopard geckos
  3 orcs
  A ball python (D:1)
  A giant cockroach (D:1)
  9 goblins
  8 hobgoblins
  10 jackals
  16 kobolds
  5 bats
  6 frilled lizards
  9 rats
89 creatures vanquished.

Notes
Turn   | Place    | Note
-------+----------+-------------------------------------------
     0 | D:1      | Esekla the Octopode Warper began the quest for the Orb.
     0 | D:1      | Reached XP level 1. HP: 14/14 MP: 3/3
   172 | D:1      | Reached XP level 2. HP: 7/20 MP: 5/5
   865 | D:2      | Learned a level 2 spell: Shroud of Golubria
   868 | D:2      | Learned a level 2 spell: Blink
   890 | D:2      | Reached XP level 3. HP: 25/25 MP: 3/6
  1052 | D:2      | Reached XP level 4. HP: 17/30 MP: 7/7
  1089 | D:2      | Reached skill level 3 in Long Blades
  1693 | D:2      | Found a blossoming altar of Fedhas.
  1881 | D:3      | Found a glowing drain.
  1886 | Sewer    | Entered a sewer
  1899 | Sewer    | Reached skill level 1 in Stealth
  2010 | Sewer    | Noticed a big kobold
  2033 | Sewer    | Killed a big kobold
  2033 | Sewer    | Reached XP level 5. HP: 35/35 MP: 4/8
  2069 | Sewer    | Found a glowing silver altar of Zin.
  2202 | D:3      | Reached skill level 1 in Charms
  2515 | D:3      | Found an iron altar of Okawaru.
  2680 | D:3      | Found a hazy altar of Hepliaklqana.
  3501 | D:4      | Reached XP level 6. HP: 39/41 MP: 9/9
  3518 | D:4      | Reached skill level 4 in Long Blades
  3632 | D:4      | Reached skill level 1 in Shields
  3792 | D:4      | Noticed Sigmund
  4710 | D:4      | Killed Sigmund
  4710 | D:4      | Reached XP level 7. HP: 42/46 MP: 6/10
  4822 | D:5      | Entered Level 5 of the Dungeon
  4822 | D:5      | Found a snail-covered altar of Cheibriados.
  4869 | D:5      | Noticed Eustachio
  4870 | D:5      | Noticed Blork the orc
  4891 | D:4      | Mangled by an orc warrior

Illustrated notes

Levels and vault maps discovered:
D:1:      giann_bridges, layout_loops_ring
D:2:      layout_loops_ring, minmay_misc_feat_enclosed, fedhas_altar_4
D:3:      minmay_recursive_quarters, layout_basic, lemuel_round_altar,
          portal_sewer_entry_e, minmay_misc_feat_tiny,
          kennysheep_okawaru_gauntlet
D:4:      layout_layer_cave, first_ration, uniq_sigmund
D:5:      layout_rooms, hangedman_ru_absence, kennysheep_little_box,
          cheibriados_altar_1, sword_in_stone

Skill      XL: |  1  2  3  4  5  6 |
---------------+-------------------+-----
Long Blades    | 3 4 |  4.8
Dodging        | 3 |  3.6
Stealth        | 2 |  2.9
Charms         | 1 |  1.7
Fighting       | 3 |  3.2
Shields        | 1 |  1.6
Throwing       | |  1.0
Spellcasting   | |  2.6
Translocations | |  3.7

Action                   |  1- 3 |  4- 6 |  7- 9 || total
-------------------------+-------+-------+-------++-------
Melee: Falchion          |    62 |   149 |     5 ||   216
       Constrict         |    17 |    35 |     1 ||    53
       Tentacles         |    11 |    26 |     2 ||    39
 Cast: Shroud of Golubri |     1 |    13 |     1 ||    15
  Use: Scroll            |       |     5 |       ||     5
 Stab: Sleeping          |     6 |     5 |       ||    11
  Eat: Chunk             |       |    12 |     1 ||    13
Armor: Skin              |     4 |     8 |       ||    12
Dodge: Dodged            |    62 |   101 |     3 ||   166
Block: Buckler           |       |    16 |     1 ||    17
       Rpst.: Falchion   |    17 |    25 |     2 ||    44

Table legend:
 A = Non-vault XP
 B = Vault XP
 C = Vault XP percentage of total XP
 D = Non-vault monster count
 E = Vault monster count
 F = Vault count percentage of total count
                 A         B        C        D         E       F
            +---------+---------+-------+---------+---------+-------
      Total |     410 |     414 |  50.2 |      69 |      20 |  22.5
            +---------+---------+-------+---------+---------+-------
        D:1 |      28 |       0 |   0.0 |      15 |       0 |   0.0
        D:2 |     109 |       0 |   0.0 |      26 |       0 |   0.0
        D:3 |      43 |      14 |  24.6 |      18 |       8 |  30.8
        D:4 |     230 |     220 |  48.9 |      10 |       1 |   9.1
        D:5 |       0 |      62 | 100.0 |       0 |       1 | 100.0
      Sewer |       0 |     118 | 100.0 |       0 |      10 | 100.0
            +---------+---------+-------+---------+---------+-------
